 Dungeon Crawl Stone Soup version 0.28-a0-1199-gef9e1dbd39 (webtiles) character file.

Game seed: 13245297505796652582

646629 ytrimaz the Sensei (level 27, -16/222 HPs)
             Began as an Octopode Transmuter on Dec 19, 2021.
             Was a High Priest of Ashenzari.
             Blown up by an orb spider (48 damage)
             ... with an orb of destruction
             ... on level 18 of a ziggurat.
             The game lasted 02:41:28 (79043 turns).

ytrimaz the Sensei (Octopode Transmuter)           Turns: 79043, Time: 02:41:29

Health: -16/222    AC: 27    Str: 13 (14) XL:     27
Magic:  4/68       EV: 40    Int: 33      God:    Ashenzari [*****.]
Gold:   4895       SH:  0    Dex: 16      Spells: 29/80 levels left

rFire   + + .      SeeInvis +     - Unarmed
rCold   + + .      Faith    .   (shield currently unavailable)
rNeg    + . .      Spirit   .   (helmet currently unavailable)
rPois   ∞          Reflect  .   r - amulet "Share My Anxiety" {RegenMP Will+ rCorr, Comp, Alch} (curse)
rElec   +          Harm     .   b - ring "Restrained With Me" {rC+, Evo, Self} (curse)
rCorr   +          Rampage  .   F - ring of the Gnostic Oblivion {rN+, Alch, Bglg} (curse)
Will    ++...      Clarity  +   Z - ring of Supernal Understanding {rElec EV+4 Dex+2, Alch, Cun} (curse)
Stlth   ++........              o - ring of Apeoromancy {AC+4, Alch, Bglg} (curse)
HPRegen 0.47/turn               Y - ring "Esoteric Stoicism" {Wiz Int+4 Slay+2, Self, Melee} (curse)
MPRegen 0.81/turn               K - ring of the Tethered Vision {rF+ MP+9, Self, Bglg} (curse)
                                A - ring of Ashenzari's Anarchy {AC+4, Elem, Comp} (curse)
                                H - ring "Chained the Doldrums" {rPois rF+ rC+ Will- Str+2, Elem, Self} (curse)

@: storm-form, flying, studying 3 skills
A: cleaving, flying, almost no armour, amphibious, 8 rings, (camouflage 1),
(gelatinous body 1), (nimble swimmer 1), (tentacles), clever 1, high mp 1,
strong 1
}: 4/15 runes: barnacled, slimy, silver, gossamer
a: Blinkbolt, End Transformation, Renounce Religion, Curse Item, Shatter the
Chains


You were on level 18 of a ziggurat.
You worshipped Ashenzari.
Ashenzari was extremely pleased with you.
You were a lightning-filled tempest!
You visited 10 branches of the dungeon, and saw 49 of its levels.
You visited the Abyss 3 times.
You visited 1 ziggurat, and saw 18 of its levels.
You also visited: Bailey, Wizlab and Desolation.

You collected 11311 gold pieces.
You spent 6416 gold pieces at shops.

Inventory:

Missiles
 S - 4 throwing nets
Jewellery
 b - the cursed ring "Restrained With Me" (left fist) {rC+, Evo, Self}
   (You found it on level 1 of the Dungeon)

   [ring of protection from cold]

   rC:        It protects you from cold.
   It has a curse which improves the following skills: Evocations: Evocations.
   Introspection: Fighting and Spellcasting.
 i - the macabre finger necklace {rN+}
   (You found it on level 13 of a ziggurat)

   [amulet of nothing]

   It enables you to equip an extra ring.
   rN:        It protects you from negative energy.
 o - the cursed ring of Apeoromancy (on tentacle) {AC+4, Alch, Bglg}
   (You found it on level 7 of the Dungeon)

   [ring of protection]

   AC:        It affects your AC (+4).
   It has a curse which improves the following skills: Alchemy: Poison Magic and
   Transmutations.
   Beguiling: Conjurations, Hexes and Translocations.
 r - the cursed amulet "Share My Anxiety" (around neck) {RegenMP Will+ rCorr, Comp, Alch}
   (You bought it in a shop on level 1 of the Elven Halls)

   [amulet of magic regeneration]

   It increases your rate of magic regeneration.
   rCorr:     It protects you from acid and corrosion.
   Will:      It increases your willpower.
   It has a curse which improves the following skills: Companions: Summonings
   and Necromancy.
   Alchemy:   Poison Magic and Transmutations.
 A - the cursed ring of Ashenzari's Anarchy (on tentacle) {AC+4, Elem, Comp}
   (You bought it in a shop on level 1 of the Dungeon)

   [ring of protection]

   AC:        It affects your AC (+4).
   It has a curse which improves the following skills: Elements: Fire Magic, Ice
   Magic, Air Magic and Earth Magic.
   Companions: Summonings and Necromancy.
 F - the cursed ring of the Gnostic Oblivion (right fist) {rN+, Alch, Bglg}
   (You found it on level 2 of the Lair of Beasts)

   [ring of positive energy]

   rN:        It protects you from negative energy.
   It has a curse which improves the following skills: Alchemy: Poison Magic and
   Transmutations.
   Beguiling: Conjurations, Hexes and Translocations.
 H - the cursed ring "Chained the Doldrums" (on tentacle) {rPois rF+ rC+ Will- Str+2, Elem, Self}
   (You found it on level 3 of the Lair of Beasts)

   [ring of protection from cold]

   Str:       It affects your strength (+2).
   rF:        It protects you from fire.
   rC:        It protects you from cold.
   rPois:     It protects you from poison.
   Will:      It decreases your willpower.
   It has a curse which improves the following skills: Elements: Fire Magic, Ice
   Magic, Air Magic and Earth Magic.
   Introspection: Fighting and Spellcasting.
 K - the cursed ring of the Tethered Vision (on tentacle) {rF+ MP+9, Self, Bglg}
   (You found it on level 13 of the Dungeon)

   [ring of protection from fire]

   rF:        It protects you from fire.
   MP:        It affects your magic capacity (+9).
   It has a curse which improves the following skills: Introspection: Fighting
   and Spellcasting.
   Beguiling: Conjurations, Hexes and Translocations.
 O - a +4 ring of evasion
 Q - the ring "Utaebecw" {Fire Slay+3 Stlth+}
   (You found it on level 8 of a ziggurat)

   [ring of fire]

   It enhances your fire magic.
   Slay:      It affects your accuracy & damage with ranged weapons and melee
   (+3).
   rF:        It protects you from fire.
   rC:        It makes you vulnerable to cold.
   Stlth:     It makes you more stealthy.
 R - a +6 ring of intelligence
 V - a ring of wizardry
 W - a ring of the Octopus King {rN+ AC+1 EV+1 Str+1 Int+1 Dex+1}
   (You found it on level 10 of a ziggurat)

   [ring of positive energy]

   AC:        It affects your AC (+1).
   EV:        It affects your evasion (+1).
   Str:       It affects your strength (+1).
   Int:       It affects your intelligence (+1).
   Dex:       It affects your dexterity (+1).
   rN:        It protects you from negative energy.
 X - a +6 ring of strength
 Y - the cursed ring "Esoteric Stoicism" (on tentacle) {Wiz Int+4 Slay+2, Self, Melee}
   (You found it on level 3 of the Elven Halls)

   [ring of wizardry]

   It improves your spell success rate.
   Int:       It affects your intelligence (+4).
   Slay:      It affects your accuracy & damage with ranged weapons and melee
   (+2).
   It has a curse which improves the following skills: Introspection: Fighting
   and Spellcasting.
   Melee Combat: Short Blades, Long Blades, Axes, Maces & Flails, Polearms,
   Staves and Unarmed Combat.
 Z - the cursed ring of Supernal Understanding (on tentacle) {rElec EV+4 Dex+2, Alch, Cun}
   (You took it off a deep elf elementalist on level 3 of the Elven Halls)

   [ring of evasion]

   EV:        It affects your evasion (+4).
   Dex:       It affects your dexterity (+2).
   rElec:     It insulates you from electricity.
   It has a curse which improves the following skills: Alchemy: Poison Magic and
   Transmutations.
   Cunning:   Dodging and Stealth.
Wands
 a - a wand of charming (11)
 k - a wand of acid (42)
 m - a wand of digging (26)
 s - a wand of iceblast (23)
 u - a wand of paralysis (4)
 y - a wand of flame (93)
 C - a wand of polymorph (25)
 T - a wand of mindburst (21)
Scrolls
 f - 9 scrolls of magic mapping
 g - 21 scrolls of teleportation
 j - 5 scrolls of silence
 l - 4 scrolls of brand weapon
 n - 11 scrolls of fog
 p - 7 scrolls of enchant armour
 q - 5 scrolls of blinking
 w - 6 scrolls of fear
 x - 9 scrolls of amnesia
 D - 6 scrolls of holy word
 U - 13 scrolls of enchant weapon
Potions
 c - 3 potions of cancellation
 d - 6 potions of flight
 e - a potion of magic
 h - 7 potions of attraction
 t - 2 potions of invisibility
 v - 7 potions of lignification
 z - 22 potions of curing
 B - 14 potions of heal wounds
 E - 10 potions of brilliance
 G - 8 potions of might
 I - 5 potions of ambrosia
 J - 8 potions of haste
 M - 8 potions of resistance
 N - 6 potions of berserk rage
 P - 9 potions of mutation


   Skills:
 * Level 20.2(26.6) Fighting
 - Level 1.2 Slings
 - Level 1.2 Bows
 - Level 1.1 Crossbows
 * Level 22.4(24.8) Dodging
 - Level 25.7(27) Unarmed Combat
 - Level 22.5(27) Spellcasting
 * Level 10.1(14.2) Necromancy
 - Level 3.1(7.5) Translocations
 - Level 21.1(27) Transmutations
 - Level 9.8(14.0) Earth Magic
 - Level 3.0(8.2) Poison Magic
 - Level 1.2 Invocations


You had 29 spell levels left.
You knew the following spells:

 Your Spells              Type           Power      Damage    Failure   Level
a - Statue Form           Tmut/Erth      73%        N/A       0%          6
b - Leda's Liquefaction   Hex/Erth       38%        N/A       1%          4
c - Manifold Assault      Tloc           76%        N/A       1%          5
d - Olgreb's Toxic Radia  Pois           78%        N/A       1%          4
e - Yara's Violent Unrav  Hex/Tmut       47%        3d18      1%          5
f - Irradiate             Conj/Tmut      47%        3d29      1%          5
g - Dragon Form           Tmut           61%        N/A       0%          7
h - Storm Form            Tmut/Air       47%        N/A       1%          7
i - Necromutation         Tmut/Necr      55%        N/A       1%          8

Your spell library contained the following spells:

 Spells                   Type           Power      Damage    Failure   Level
 Animate Skeleton         Necr           100%       N/A       0%          1
 Apportation              Tloc           100%       N/A       0%          1
 Beastly Appendage        Tmut           100%       N/A       0%          1
 Pain                     Necr           100%       1d9       0%          1
 Sting                    Tmut/Pois      100%       1d8       0%          1
 Passwall                 Tmut/Erth      91%        N/A       0%          2
 Sublimation of Blood     Necr           95%        N/A       0%          2
 Wereblood                Tmut           100%       N/A       0%          2
 Ignite Poison            Fire/Tmut/Pois 89%        N/A       0%          3
 Spider Form              Tmut/Pois      100%       N/A       0%          3
 Vampiric Draining        Necr           95%        2d12      0%          3
 Ice Form                 Ice/Tmut       94%        N/A       0%          4
 Petrify                  Tmut/Erth      100%       N/A       0%          4
 Alistair's Intoxication  Tmut/Pois      68%        N/A       0%          5
 Blade Hands              Tmut           61%        N/A       0%          5
 Foxfire                  Conj/Fire      100%       2x1d9     1%          1
 Freeze                   Ice            100%       1d11      1%          1
 Magic Dart               Conj           100%       1d8       1%          1
 Shock                    Conj/Air       100%       1d9       1%          1
 Slow                     Hex            100%       N/A       1%          1
 Summon Small Mammal      Summ           100%       N/A       1%          1
 Blink                    Tloc           100%       N/A       1%          2
 Call Imp                 Summ           48%        N/A       1%          2
 Corpse Rot               Necr/Air       100%       N/A       1%          2
 Ensorcelled Hibernation  Hex/Ice        98%        N/A       1%          2
 Poisonous Vapours        Pois/Air       100%       N/A       1%          2
 Scorch                   Fire           96%        2d10      1%          2
 Searing Ray              Conj           100%       2d8       1%          2
 Static Discharge         Conj/Air       49%        N/A       1%          2
 Call Canine Familiar     Summ           48%        N/A       1%          3
 Confusing Touch          Hex            50%        N/A       1%          3
 Conjure Flame            Conj/Fire      49%        6-21      1%          3
 Frozen Ramparts          Ice            96%        1d11      1%          3
 Gell's Gravitas          Tloc           76%        N/A       1%          3
 Inner Flame              Hex/Fire       49%        N/A       1%          3
 Lesser Beckoning         Tloc           76%        N/A       1%          3
 Mephitic Cloud           Conj/Pois/Air  60%        N/A       1%          3
 Ozocubu's Armour         Ice            48%        N/A       1%          3
 Portal Projectile        Hex/Tloc       100%       N/A       1%          3
 Stone Arrow              Conj/Erth      100%       3d13      1%          3
 Summon Guardian Golem    Hex/Summ       49%        N/A       1%          3
 Swiftness                Air            48%        N/A       1%          3
 Teleport Other           Tloc           76%        N/A       1%          3
 Tukima's Dance           Hex            50%        N/A       1%          3
 Airstrike                Air            24%        N/A       1%          4
 Cause Fear               Hex            25%        N/A       1%          4
 Flame Wave               Conj/Fire      49%        2d8       1%          4
 Fulminant Prism          Conj/Hex       25%        3d14      1%          4
 Passage of Golubria      Tloc           76%        N/A       1%          4
 Summon Lightning Spire   Summ/Air       48%        N/A       1%          4
 Agony                    Necr           95%        N/A       1%          5
 Borgnjor's Vile Clutch   Necr/Erth      47%        N/A       1%          5
 Excruciating Wounds      Necr           47%        N/A       1%          5
 Lee's Rapid Deconstruct  Erth           47%        3d24*     1%          5
 Summon Forest            Summ/Tloc      32%        N/A       1%          5
 Dispersal                Tloc           38%        N/A       1%          6
 Eringya's Noxious Bog    Tmut/Pois      51%        N/A       1%          6
 Iron Shot                Conj/Erth      38%        9d8       1%          6
 Simulacrum               Ice/Necr       38%        N/A       1%          6
 Freezing Cloud           Conj/Ice/Air   24%        6-21      4%          5
 Lightning Bolt           Conj/Air       24%        1d40      4%          5
 Metabolic Englaciation   Hex/Ice        24%        N/A       4%          5
 Silence                  Hex/Air        24%        N/A       4%          5
 Summon Mana Viper        Hex/Summ       49%        N/A       4%          5
 Borgnjor's Revivificati  Necr           47%        N/A       4%          8
 Infestation              Necr           47%        N/A       4%          8
 Starburst                Conj/Fire      24%        6d8       22%         6
 Summon Cactus Giant      Summ           24%        N/A       24%         6
 Malign Gateway           Summ/Tloc      32%        N/A       30%         7
 Death's Door             Necr           47%        N/A       47%         9
 Disjunction              Tloc           38%        N/A       50%         8
 Lehudib's Crystal Spear  Conj/Erth      38%        10d9      50%         8
 Ozocubu's Refrigeration  Ice            24%        4d9       75%         7
 Summon Hydra             Summ           24%        N/A       75%         7
 Discord                  Hex            25%        N/A       100%        8
 Ignition                 Fire           24%        3d8       100%        8
 Maxwell's Capacitive Co  Air            24%        ∞         100%        8
 Polar Vortex             Ice            24%        N/A       100%        9
 Animate Armour           Summ/Erth      Unusable   N/A       N/A         4

Dungeon Overview and Level Annotations

Branches:
Dungeon (15/15)            Temple (1/1) D:5            Lair (6/6) D:10
 Shoals (4/4) Lair:3       Spider (4/4) Lair:4        Slime (5/5) Lair:5
    Orc (2/2) D:10            Elf (3/3) Orc:2        Vaults (5/5) D:13
  Crypt (0/3) Vaults:2     Depths (4/4) D:15            Zot (0/5) Depths:4
 Bailey (visited)          WizLab (visited)         Desolation (visited)

Altars:
Ashenzari
Cheibriados
Dithmenos
Elyvilon
Fedhas
Gozag
Hepliaklqana
Kikubaaqudgha
Makhleb
Nemelex Xobeh
Okawaru
Qazlal
Ru
Sif Muna
Trog
Uskayaw
Vehumet
Wu Jian
Xom
Yredelemnul
Zin
The Shining One
Jiyva

Shops:
D:1 *[![=   D:2 ((*[   D:5 *   D:11 [   D:13 (   D:15 *   Orc:2 ([:[   Elf:1 =
Elf:2 [   Shoals:2 (   Vaults:2 ?   Vaults:3 [   Vaults:5 ?!!!?!:![:(=
Depths:4 *

Portals:
Hell: Depths:1 Depths:2 Depths:3 Depths:4
Abyss: Depths:1 Depths:2 Depths:3 Depths:4
Pandemonium: Depths:2 Depths:3

Annotations:
D:7 2 transporters, Adrian566's ghost, novice TrBe
D:15 3 runed translucent doors, Opripao's ghost, journeyman MiFi
Lair:5 2 transporters, exclusion: ice statue, Wanecan's ghost, journeyman HuBe


Innate Abilities, Weirdness & Mutations

You are a lightning-filled tempest!
Your electrical attacks strike out in all directions at once.
You are incredibly evasive.
You are flying.
You are immune to poison.
Your armour is entirely melded.
You are incapable of wielding weapons or throwing items.
You cannot wear most types of armour.
You are amphibious.
You can wear up to eight rings at the same time.
((Your skin changes colour to match your surroundings (Stealth+).))
((Your rubbery body absorbs attacks. (AC +1, EV +1)))
((You are camouflaged near water. (Stealth+)))
((You have tentacles for arms and can constrict up to eight enemies at once.))
Your mind is acute. (Int +2)
You have an increased reservoir of magic. (+10% MP)
Your muscles are strong. (Str +2)


Message History

Unknown command.
Casting: Manifold Assault (mildly dangerous; 1% risk of failure)
Confirm with . or Enter, or press ? or * to list all spells.
You don't have enough magic to cast this spell.
Unknown command.
Unknown command.
You feel energetic enough to blinkbolt again.
The orb spider begins to weave its threads into a brightly glowing ball. x2
Unknown command.
Casting: Manifold Assault (mildly dangerous; 1% risk of failure)
Confirm with . or Enter, or press ? or * to list all spells.
Space momentarily warps into an impossible shape!
You blast the orb spider!!!
You kill the orb spider!
You blast the orb spider!!!!
You kill the orb spider!
You blast the orb spider!!!
You kill the orb spider!
You hit the orb spider.
Lightning courses through the orb spider!
You kill the orb spider!
The orb of destruction hits you!!
* * * LOW HITPOINT WARNING * * *
You feel your strength returning.
Unknown command.
Unknown command.
You feel better. The orb of destruction hits you!!
* * * LOW HITPOINT WARNING * * *
The orb spider weaves a glowing orb of energy.
An orb of destruction comes into view.
Unknown command.
Unknown command.
Press: ? - help, v - describe, . - travel
Here: an orb spider (almost dead)
The floor.
Unknown command.
Unknown command.
The orb spider pulsates with a strange energy.
The orb of destruction hits you!!!
You die...

* ,,,.............°...††.........
* )=...........†○†............. *
∩(:!...........†°..............
)>!|=..........††○.............∩
?∩??).......†.†..°..............
[)::?........†...°†.............
*............†...○...............
...........†....○...............
▓.........†....v................
*▓......#†#...........#.#......▓
*▓........††.................▓▓
▓▓....#.#...........#. ,,,**
▓▓..................., *
▓▓▓................. ,
▓▓▓▓▓▓.............▓ *
▓▓▓▓▓▓▓▓▓▓▓▓.▓▓▓▓▓▓* ▓▓


There were no monsters in sight!

Vanquished Creatures
  The ghost of Papr the Conqueror, a legendary DgCj (Zig:11)
  the Royal Jelly (Slime:5)
  2 dread liches
  3 ancient liches
  Mara (Depths:2)
  Mennas (Depths:3)
  A juggernaut (Depths:3)
  The ghost of blank1 the Conqueror, a veteran MiFi of Yredelemnul (Depths:4)
  A pandemonium lord (Zig:13)
  Sojobo (Depths:2)
  2 royal mummies
  2 caustic shrikes (Zig:17)
  Bai Suzhen (Shoals:3)
  Xtahua (Depths:4)
  Nikola (Shoals:3)
  8 golden dragons
  A bone dragon (Abyss:1)
  A Tzitzimitl (Zig:13)
  2 Brimstone Fiends (Zig:13)
  14 tentacled monstrosities
  3 hellephants
  An Ice Fiend (Zig:13)
  Rupert (Lair:5)
  Mlioglotl (Shoals:4)
  4 liches
  A walking earthen tome (Depths:2)
  6 titans
  3 deep elf master archers (Elf:3)
  4 quicksilver dragons
  A walking divine tome (Depths:3)
  A Hell Sentinel (Zig:13)
  11 tentacled starspawn (Abyss:1)
  4 deep elf blademasters
  A walking frostbound tome (Depths:4)
  14 acid blobs
  An Executioner (Abyss:1)
  Polyphemus (Shoals:3)
  3 krakens (Shoals:4)
  Frances (Spider:1)
  7 sphinxes
  9 shadow dragons
  The ghost of frimble the Fighter, an adept DsWr of Cheibriados (Elf:2)
  10 tengu reavers
  5 storm dragons
  Ilsuiw (Shoals:3)
  11 azure jellies
  Roxanne (Spider:1)
  A nagaraja (Zig:15)
  19 frost giants
  13 rockslimes
  2 demonspawn warmongers (Zig:13)
  A draconian knight (Zig:15)
  A fenstrider witch (Zig:12)
  A daeva (Abyss:2)
  11 emperor scorpions
  14 ghost moths
  A draconian scorcher (Zig:15)
  17 vault wardens
  Aizul (Depths:1)
  10 fire giants
  12 deep elf sorcerers
  An imperial myrmidon (Desolation)
  2 orc warlords (Elf:2)
  3 draconian shifters
  3 iron dragons
  Louise (Shoals:2)
  3 deep elf elementalists (Elf:3)
  3 caustic shrike zombies
  2 draconian annihilators (Zig:15)
  2 cacodemons
  3 angels
  A draconian stormcaller (Depths:4)
  A reaper (Abyss:1)
  30 very ugly things
  19 ironbound preservers
  9 quicksilver oozes
  A demonspawn blood saint (Zig:15)
  15 stone giants
  5 war gargoyles
  An apis (Zig:4)
  A demonspawn corrupter (Zig:13)
  2 vampire knights
  8 deep elf demonologists
  4 ironbound thunderhulks
  Azrael (D:12)
  2 black draconians (Depths:4)
  5 eleionomae
  An ophan (Zig:4)
  12 entropy weavers
  A purple draconian (Depths:4)
  17 dire elephants
  3 halazid warlocks (Desolation)
  2 lorocyprocas
  4 white draconians
  9 deep elf annihilators
  A yellow draconian (Depths:4)
  Snorg (Lair:5)
  A bunyip (Zig:10)
  7 spark wasps
  4 blizzard demons
  2 crystal guardians (Desolation)
  A green death (Zig:13)
  12 fire dragons
  13 ettins
  3 deep elf death magi
  5 jiangshi
  7 merfolk impalers
  7 ragged hierophants (Desolation)
  3 mummy priests (WizLab)
  16 great orbs of eyes
  4 merfolk javelineers
  3 shambling mangroves
  22 yaktaur captains
  5 servants of whispers (Desolation)
  8 deep elf high priests
  35 hydras
  10 ice dragons
  2 rakshasas
  6 boulder beetles
  29 vault guards
  10 peacekeepers
  2 ghost crabs (Zig:12)
  Erolcha (D:11)
  An alligator snapping turtle (Zig:7)
  6 catoblepae
  A hell beast (Elf:3)
  6 ironbound frosthearts
  6 spriggan air magi
  5 merfolk avatars
  An ogre mage (Zig:15)
  2 satyrs
  A spriggan skeleton (Abyss:1)
  18 centaur warriors
  An anaconda (Zig:2)
  11 merfolk aquamancers
  An alligator (Zig:12)
  8 death scarabs (Spider:4)
  4 death knights
  7 deep troll earth magi
  28 dancing weapons
  6 tengu warriors
  5 two-headed ogres
  9 spriggan berserkers
  6 thrashing horrors
  A titan zombie (WizLab)
  10 death yaks
  A satyr (shapeshifter) (Vaults:5)
  4 vampire magi
  6 deep troll shamans
  5 orc high priests
  A sun demon (Zig:13)
  5 hell knights (Vaults:5)
  Urug (D:11)
  A shock serpent (shapeshifter) (Zig:6)
  Sonja (Lair:1)
  3 skeletal warriors
  A storm dragon skeleton (Zig:8)
  7 wretched stars
  24 deep elf knights
  3 shadow wraiths
  3 spatial maelstroms
  10 iron trolls
  2 sixfirhies
  A goliath frog (Zig:16)
  A golden dragon zombie (Depths:1)
  A spriggan druid (Zig:12)
  6 sea snakes
  A cherub (Zig:4)
  4 glowing orange brains
  A death drake (Zig:16)
  3 flayed ghosts
  A naga ritualist (Zig:2)
  43 deep trolls
  10 swamp dragons
  9 deep elf archers
  A shadow demon (Zig:13)
  18 starcursed masses (Abyss:1)
  A shadow dragon zombie (Depths:1)
  2 spectral wolf spiders (Spider:4)
  2 orange crystal statues
  19 orb spiders
  9 lindwurms
  18 harpies
  43 deep elf pyromancers
  13 wizards
  19 ironbound convokers
  4 phantasmal warriors (Vaults:5)
  8 orc knights
  3 obsidian statues (Zig:4)
  8 necromancers
  3 wolf spider zombies (Spider:4)
  34 ugly things
  44 wolf spiders
  31 deep elf zephyrmancers
  4 will-o-the-wisps
  2 frost giant zombies
  7 shining eyes
  A stone giant zombie (D:15)
  8 orc sorcerers
  11 cyclopes
  17 manticores
  A worldbinder (Abyss:1)
  An iron dragon skeleton (Depths:1)
  A moth of wrath (Spider:4)
  A fire giant skeleton (D:15)
  10 fauns
  26 elephants
  7 water nymphs
  10 merfolk sirens
  5 black mambas
  2 frost giant skeletons
  A rust devil (Depths:2)
  A molten gargoyle (Desolation)
  A moth of wrath (shapeshifter) (Vaults:4)
  A water nymph (shapeshifter) (Depths:3)
  2 eyes of devastation
  A torpor snail (shapeshifter) (Depths:3)
  A titan simulacrum (Vaults:3)
  2 naga magi (Zig:15)
  4 smoke demons
  18 vault sentinels
  2 orange demons (Abyss:1)
  8 torpor snails
  2 apocalypse crabs (Abyss:1)
  An eye of devastation (shapeshifter) (Vaults:5)
  18 cane toads
  A hellion (Abyss:1)
  8 rime drakes
  3 unseen horrors
  A spriggan zombie (D:15)
  23 demonic crawlers
  A kobold demonologist (D:12)
  19 komodo dragons
  2 freezing wraiths
  44 yaktaurs
  2 tormentors (Zig:13)
  An efreet (D:13)
  4 spectral redbacks (Spider:4)
  7 guardian mummies
  A tengu conjurer (D:15)
  3 ancient zymes
  3 hellwings
  A red devil (Depths:2)
  54 jumping spiders
  5 polar bears
  5 wind drakes
  11 trolls
  A harpy zombie (Abyss:1)
  A tyrant leech (Zig:16)
  A bloated husk (Zig:12)
  A meliai (D:9)
  A meliai (shapeshifter) (Abyss:1)
  38 merfolk
  143 slime creatures
  2 wolf spider simulacra (D:15)
  28 hornets
  7 raiju (Abyss:1)
  7 spectral tarantellas (Spider:4)
  12 snapping turtles
  3 spectral jumping spiders (Spider:4)
  42 saltlings (Desolation)
  22 blink frogs
  A jumping spider zombie (Spider:4)
  A human simulacrum (Vaults:3)
  A tarantella zombie (Spider:4)
  A centaur simulacrum (D:14)
  2 ettin zombies
  9 dream sheep
  22 large abominations
  11 small abominations (Abyss:1)
  Sigmund (D:2)
  4 air elementals
  106 redbacks
  A flying skull (Zig:5)
  A shadow (Abyss:1)
  51 tarantellas
  5 wyverns
  An ettin skeleton (Depths:1)
  A vampire (Abyss:1)
  10 spriggans
  3 wraiths
  18 water elementals
  8 ynoxinuls
  57 yaks
  Grum (D:11)
  9 golden eyes
  A human (shapeshifter) (Abyss:1)
  A wyvern (shapeshifter) (Elf:3)
  6 basilisks
  5 fire elementals
  4 chaos spawn
  A neqoxec (Abyss:1)
  8 vampire mosquitoes
  2 steam dragons
  6 wargs
  An acid dragon (D:13)
  4 spatial vortices (Abyss:1)
  A naga (Zig:2)
  21 water moccasins
  A floating eye (shapeshifter) (Depths:3)
  5 hell hounds (Elf:3)
  2 spectral hornets (Spider:4)
  A swamp drake (Zig:10)
  34 orc warriors
  2 black bears
  2 floating eyes
  4 ice beasts
  A sky beast (D:6)
  2 ogres
  2 necrophages
  2 boggarts (Elf:1)
  23 wolves
  12 centaurs
  2 human skeletons (Vaults:3)
  A kobold brigand (D:9)
  7 bullfrogs
  A human zombie (WizLab)
  An earth elemental (Elf:1)
  2 scorpions (D:6)
  2 gnoll sergeants
  2 wyvern skeletons
  4 wights (D:8)
  11 killer bees
  8 electric eels
  6 howler monkeys
  A centaur zombie (D:6)
  A lava snake (D:9)
  2 crimson imps (Abyss:1)
  A jelly (Lair:5)
  A jelly (shapeshifter) (Vaults:5)
  2 quasits (Abyss:1)
  2 bullfrog skeletons
  14 orc priests
  2 gnoll shamans
  5 hounds
  2 centaur skeletons
  2 iron imps (Abyss:1)
  Ijyb (D:4)
  Terence (D:2)
  Natasha (thrice) (D:4)
  An iguana (D:4)
  20 orc wizards
  3 polar bear simulacra (Lair:4)
  4 hell rats
  A yak simulacrum (Lair:4)
  3 wolf simulacra (Lair:4)
  A hound skeleton (D:4)
  2 mummies (Zig:5)
  7 adders
  26 gnolls
  2 shadow imps
  3 white imps
  4 ufetubi (Abyss:1)
  2 worms
  A dart slug (D:5)
  64 orcs
  11 ball pythons
  8 bats
  5 endoplasms
  3 giant cockroaches (D:1)
  9 goblins
  8 hobgoblins
  7 jackals
  30 kobolds
  A quokka (D:3)
  4 frilled lizards
  5 rats
  4 river rat simulacra (Lair:4)
  A plant (Shoals:3)
  7 starspawn tentacles (Abyss:1)
  6 tentacles (Shoals:4)
2741 creatures vanquished.

Vanquished Creatures (collateral kills)
  A shadow dragon zombie (WizLab)
  2 frost giant zombies (WizLab)
  A human zombie (WizLab)
  2 demonspawn zombies (WizLab)
  A tengu zombie (WizLab)
7 creatures vanquished.

Vanquished Creatures (others)
  A shadow dragon (Zig:11)
  A nagaraja (Zig:15)
  3 revenants (Zig:11)
  A demonspawn black sun (Zig:11)
  A vampire knight (Depths:2)
  A deep elf death mage (Zig:11)
  3 eidola (Zig:11)
  A vault guard (Vaults:5)
  A centaur warrior (D:15)
  3 ghost crabs (Zig:11)
  An ironbound frostheart (Vaults:4)
  A deep elf knight (Elf:2)
  A sea snake (Zig:7)
  2 phantasmal warriors (Zig:11)
  An ironbound convoker (Vaults:1)
  An orb spider (Zig:18)
  A vault sentinel (Vaults:3)
  A bloated husk (Zig:16)
  A saltling (Desolation)
  A hornet (Zig:16)
  A centaur (Zig:7)
  A bush (Lair:5)
  8 foxfires
  18 fungi
  A lurking horror (Abyss:1)
  113 plants
  21 starspawn tentacles (Abyss:1)
  20 tentacles (Shoals:4)
  A withered plant (D:15)
211 creatures vanquished.

Grand Total: 2959 creatures vanquished

Notes
Turn   | Place    | Note
-------+----------+-------------------------------------------
     0 | D:1      | ytrimaz the Octopode Transmuter began the quest for the
                  | Orb.
     0 | D:1      | Reached XP level 1. HP: 13/13 MP: 3/3
    59 | D:1      | Found a faded altar of an unknown god.
   149 | D:1      | Reached XP level 2. HP: 17/18 MP: 3/5
   217 | D:1      | Learned a level 2 spell: Wereblood
   261 | D:1      | Found Veesk's Distillery.
   489 | D:1      | Found Anyutt's Antique Armour Shoppe.
   519 | D:1      | Found Gorutuol's Armour Shop.
   602 | D:1      | Reached XP level 3. HP: 19/23 MP: 4/6
   606 | D:1      | Learned a level 3 spell: Spider Form
   718 | D:1      | Found Monosu's Jewellery Boutique.
   792 | D:1      | You fall into a shaft and drop 1 floor!
  1080 | D:2      | Found Cayxutosk's Armour Shoppe.
  1116 | D:2      | Found Ixeneiss's Assorted Antiques.
  1116 | D:2      | Noticed Sigmund
  1437 | D:2      | Killed Sigmund
  1438 | D:2      | Reached XP level 4. HP: 13/29 MP: 5/8
  1438 | D:2      | Reached XP level 5. HP: 15/34 MP: 5/9
  1700 | D:2      | Found Caorhob's Antique Weapon Shoppe.
  1701 | D:2      | Bought a scroll labelled FYUSUBRALLA for 24 gold pieces
  1701 | D:2      | Bought a scroll labelled COAKKUA ITUC for 24 gold pieces
  2016 | D:2      | Noticed Terence
  2158 | D:2      | Killed Terence
  2159 | D:2      | Reached XP level 6. HP: 22/39 MP: 7/11
  2333 | D:2      | Found Paxayn's Antique Weapon Shoppe.
  2814 | D:2      | Learned a level 4 spell: Ice Form
  3954 | D:3      | Reached skill level 4 in Unarmed Combat
  4163 | D:4      | Noticed Natasha
  4175 | D:4      | Killed Natasha
  4576 | D:4      | Reached XP level 7. HP: 45/45 MP: 9/12
  4917 | D:4      | Noticed Ijyb
  5091 | D:4      | Noticed Natasha
  5096 | D:4      | Killed Natasha
  5285 | D:4      | Noticed Natasha
  5291 | D:4      | Killed Natasha
  5550 | D:5      | Entered Level 5 of the Dungeon
  5648 | D:5      | Reached skill level 5 in Unarmed Combat
  5648 | D:5      | Reached skill level 1 in Poison Magic
  5763 | D:5      | Reached XP level 8. HP: 41/52 MP: 11/14
  6652 | D:4      | Killed Ijyb
  6925 | D:5      | Found Dyac's General Store.
  7086 | D:5      | Found a staircase to the Ecumenical Temple.
  7423 | Temple   | Entered the Ecumenical Temple
  7659 | Temple   | Became a worshipper of Ashenzari the Shackled
  7863 | D:6      | Reached skill level 5 in Spellcasting
  8046 | D:6      | Found a basalt altar of Yredelemnul.
  8263 | D:6      | Reached skill level 6 in Unarmed Combat
  8263 | D:6      | Reached skill level 5 in Transmutations
  8309 | D:6      | Reached XP level 9. HP: 35/58 MP: 17/17
  8958 | D:6      | Reached skill level 5 in Dodging
  9164 | D:6      | Found a shimmering altar of Xom.
  9537 | D:7      | Found an iron altar of Okawaru.
 10187 | D:7      | Found a transporter.
 10187 | D:7      | Found a transporter.
 10187 | D:7      | Noticed Adrian566's ghost (novice TrBe)
 10214 | D:7      | Noticed a hornet
 10215 | D:7      | Noticed a queen bee
 10757 | D:8      | Reached skill level 7 in Unarmed Combat
 10975 | D:8      | Reached skill level 5 in Fighting
 10983 | D:8      | Reached XP level 10. HP: 54/66 MP: 13/20
 11231 | D:8      | Reached skill level 8 in Unarmed Combat
 11700 | D:9      | Noticed a two-headed ogre
 11726 | D:9      | Killed a two-headed ogre
 12091 | D:9      | Reached * piety under Ashenzari
 12097 | D:9      | Noticed a centaur warrior
 12097 | D:9      | Noticed a deep elf pyromancer
 12138 | D:9      | Killed a centaur warrior
 12475 | D:9      | Killed a deep elf pyromancer
 13421 | D:9      | Reached skill level 9 in Unarmed Combat
 13434 | D:9      | Identified the +10 shortbow of Vusimm {speed, Fragile rN+
                  | Int+6 SInv}
 13434 | D:9      | Noticed a boulder beetle
 13434 | D:9      | Noticed a skeletal warrior
 13477 | D:10     | Entered Level 10 of the Dungeon
 13729 | D:10     | Found a staircase to the Lair.
 13814 | D:10     | Found a staircase to the Orcish Mines.
 13831 | D:10     | Reached XP level 11. HP: 75/75 MP: 16/23
 14917 | D:11     | Found Ipoub's Antique Armour Shoppe.
 14917 | D:11     | Noticed a manticore
 14928 | D:11     | Killed a manticore
 15026 | D:11     | Noticed Grum
 15039 | D:11     | Killed Grum
 15373 | D:11     | Found a flagged portal.
 15386 | Bailey   | Entered a bailey
 15994 | D:1      | Bought a +4 ring of protection for 468 gold pieces
 16080 | D:1      | Found Zumuh's General Store.
 16534 | D:9      | Killed a boulder beetle
 16954 | D:11     | Noticed a five-headed hydra
 16968 | D:11     | Killed a five-headed hydra
 16969 | D:11     | Reached skill level 10 in Unarmed Combat
 17086 | D:11     | Noticed Erolcha
 17141 | D:11     | Reached ** piety under Ashenzari
 17535 | D:11     | Noticed Urug
 17560 | D:11     | Killed Urug
 17779 | Lair:1   | Entered Level 1 of the Lair of Beasts
 17779 | Lair:1   | Noticed Sonja
 17791 | Lair:1   | Noticed a seven-headed hydra
 17801 | Lair:1   | Killed a seven-headed hydra
 18040 | Lair:1   | Reached XP level 12. HP: 84/84 MP: 22/26
 18245 | Lair:1   | Noticed a five-headed hydra
 18252 | Lair:1   | Killed a five-headed hydra
 19237 | Lair:2   | Reached skill level 11 in Unarmed Combat
 19711 | Lair:2   | Found the +7 lajatang of Order {silver, rMut}
 20495 | Lair:3   | Identified the ring "Boowkaji" {rPois rF+ rC+ Will- Str+2}
 20507 | Lair:3   | Reached XP level 13. HP: 91/91 MP: 23/28
 20637 | Lair:3   | Reached skill level 12 in Unarmed Combat
 21021 | Lair:3   | Reached *** piety under Ashenzari
 21320 | Lair:3   | Found a staircase to the Shoals.
 21783 | Lair:4   | Reached skill level 10 in Spellcasting
 21952 | Lair:4   | Found a hole to the Spider Nest.
 23550 | Lair:5   | Reached skill level 13 in Unarmed Combat
 23945 | Lair:5   | Reached skill level 10 in Dodging
 24077 | Lair:5   | Identified the +8 ice dragon scales "Pouloqes" {rF- rC++
                  | Int+2}
 24088 | Lair:5   | Found a transporter.
 24091 | Lair:5   | Noticed Wanecan's ghost (journeyman HuBe)
 24117 | Lair:5   | Found a transporter.
 24127 | Lair:5   | Reached skill level 10 in Transmutations
 24218 | Lair:5   | Found a staircase to the Slime Pits.
 24218 | Lair:5   | Noticed Snorg
 24228 | Lair:5   | Killed Snorg
 24276 | Lair:5   | Noticed Rupert
 24280 | Lair:5   | Paralysed by Rupert for 2 turns
 24353 | Lair:5   | Reached **** piety under Ashenzari
 24418 | Lair:5   | Killed Rupert
 24419 | Lair:5   | Reached XP level 14. HP: 101/101 MP: 18/32
 25035 | Lair:6   | Entered Level 6 of the Lair of Beasts
 25054 | Lair:5   | Reached skill level 14 in Unarmed Combat
 26315 | Lair:6   | Reached skill level 15 in Unarmed Combat
 26733 | Lair:6   | Found the +18 shield of the Gong {rElec rN+ Will+ EV-5}
 27483 | Lair:1   | Killed Sonja
 27484 | Lair:1   | Reached XP level 15. HP: 111/111 MP: 26/33
 27550 | Orc:1    | Entered Level 1 of the Orcish Mines
 27596 | Orc:1    | Learned a level 4 spell: Olgreb's Toxic Radiance
 27825 | Orc:2    | Entered Level 2 of the Orcish Mines
 28368 | Orc:2    | Found a staircase to the Elven Halls.
 28579 | Orc:2    | Found Ukeestry's Book Shoppe.
 28581 | Orc:2    | Found Ucoergh's Weapon Shoppe.
 28582 | Orc:2    | Found Ehityumau's Antique Armour Boutique.
 28872 | Orc:2    | Found Bidazaw's Armour Boutique.
 29346 | Orc:1    | Reached skill level 10 in Fighting
 29997 | D:12     | Reached skill level 16 in Unarmed Combat
 30092 | D:12     | Noticed a frost giant
 30104 | D:12     | Killed a frost giant
 31285 | D:12     | Noticed Azrael
 31298 | D:12     | Killed Azrael
 31642 | D:13     | Identified the ring "Bim Bufo" {rF+ MP+9}
 32106 | D:13     | Found Bubil's Antique Weapon Emporium.
 32238 | D:13     | Found a gate to the Vaults.
 32246 | D:13     | Reached XP level 16. HP: 118/118 MP: 23/36
 32313 | D:13     | Learned a level 5 spell: Irradiate
 32393 | D:14     | Found a blossoming altar of Fedhas.
 33304 | D:15     | Entered Level 15 of the Dungeon
 33830 | D:15     | Found a staircase to the Depths.
 33942 | D:15     | Reached skill level 17 in Unarmed Combat
 34121 | D:15     | Found a runed translucent gate.
 34121 | D:15     | Found a runed translucent gate.
 34121 | D:15     | Found a runed translucent gate.
 34212 | D:15     | Noticed Opripao's ghost (journeyman MiFi)
 34299 | D:15     | Found Niuqekk's General Store.
 34487 | D:11     | Killed Erolcha
 34889 | D:9      | Learned a level 5 spell: Yara's Violent Unravelling
 35035 | Elf:1    | Entered Level 1 of the Elven Halls
 35340 | Elf:1    | Paralysed by an orc sorcerer for 4 turns
 35418 | Elf:1    | Found Efopihon's Jewellery Shop.
 35427 | Elf:1    | Bought the amulet of Boudol {RegenMP Will+ rCorr} for 771
                  | gold pieces
 36250 | Elf:1    | Paralysed by an air elemental for 1 turns
 36257 | Elf:1    | Identified the +4 ring mail of the Shoals {Dex+5}
 37021 | Elf:1    | Reached XP level 17. HP: 109/124 MP: 38/38
 37511 | Spider:1 | Entered Level 1 of the Spider Nest
 37916 | Spider:1 | Noticed Frances
 37938 | Spider:1 | Killed Frances
 38640 | Spider:1 | Noticed Roxanne
 38891 | Spider:1 | Killed Roxanne
 38907 | Spider:1 | Learned a level 6 spell: Statue Form
 38912 | Spider:1 | Learned a level 4 spell: Leda's Liquefaction
 39672 | Spider:2 | Reached skill level 1 in Earth Magic
 39674 | Spider:2 | Identified Fuse's Disquisition on Earthen Lightness
 39694 | Spider:2 | Reached skill level 18 in Unarmed Combat
 40043 | Spider:2 | Reached skill level 15 in Spellcasting
 40859 | Spider:3 | Reached XP level 18. HP: 136/136 MP: 41/41
 41513 | Spider:4 | Entered Level 4 of the Spider Nest
 42790 | Spider:4 | Got a gossamer rune of Zot
 43070 | Shoals:1 | Entered Level 1 of the Shoals
 43436 | Shoals:1 | Identified the +2 animal skin of Midsummer {Rampage}
 43788 | Shoals:1 | Identified the +2 hunting sling of Leiph {speed, rElec
                  | Dex+2}
 44067 | Shoals:1 | Reached ***** piety under Ashenzari
 44517 | Shoals:2 | Found Ymniajor's Antique Weapon Boutique.
 45154 | Shoals:2 | Noticed Louise
 45165 | Shoals:2 | Killed Louise
 45166 | Shoals:2 | Reached skill level 5 in Earth Magic
 45166 | Shoals:2 | Reached XP level 19. HP: 145/145 MP: 44/44
 45386 | Shoals:3 | Identified a scroll of acquirement
 45392 | Shoals:3 | Noticed Polyphemus
 45408 | Shoals:3 | Killed Polyphemus
 45412 | Shoals:3 | Noticed Ilsuiw
 45421 | Shoals:3 | Reached skill level 19 in Unarmed Combat
 45427 | Shoals:3 | Killed Ilsuiw
 45646 | Shoals:3 | Noticed Nikola
 45653 | Shoals:3 | Killed Nikola
 46097 | Shoals:3 | Found a blossoming altar of Fedhas.
 46101 | Shoals:3 | Noticed Bai Suzhen
 46110 | Shoals:3 | Killed Bai Suzhen
 46494 | Shoals:4 | Entered Level 4 of the Shoals
 46654 | Shoals:4 | Noticed Mlioglotl
 47150 | Shoals:4 | Got a barnacled rune of Zot
 47645 | Shoals:4 | Killed Mlioglotl
 48122 | Shoals:4 | Identified the +5 whip of Hepliaklqana's Fury {vorpal,
                  | Contam +Blink rC+ SInv}
 48536 | Elf:2    | Found a runed translucent gate.
 48537 | Elf:2    | Found a runed translucent gate.
 48537 | Elf:2    | Found a runed translucent gate.
 48539 | Elf:2    | Noticed frimble's ghost (adept DsWr)
 48539 | Elf:2    | Identified the +10 scale mail "Riom" {+Blink Str+2 Int-4}
 48539 | Elf:2    | Identified the +11 eveningstar of the Depths {vorpal, Str+2
                  | Dex-2 Stlth+}
 48545 | Elf:2    | Found an iron altar of Okawaru.
 48545 | Elf:2    | Identified the +1 leather armour of Gator {Will+}
 48631 | Elf:2    | Found Efodos's Antique Armour Emporium.
 48870 | Elf:2    | Reached XP level 20. HP: 153/153 MP: 46/46
 49107 | Elf:2    | Found a huge runed translucent gate.
 49107 | Elf:2    | Found a huge runed translucent gate.
 49107 | Elf:2    | Found a huge runed translucent gate.
 49108 | Elf:2    | Found a huge runed translucent gate.
 49108 | Elf:2    | Found a huge runed translucent gate.
 50047 | Elf:2    | Killed frimble's ghost
 50255 | Elf:3    | Entered Level 3 of the Elven Halls
 50258 | Elf:3    | Found an ancient bone altar of Kikubaaqudgha.
 50388 | Elf:3    | Identified the ring "Suhus" {Wiz Int+4 Slay+2}
 50392 | Elf:3    | Paralysed by an air elemental for 1 turns
 50927 | Elf:3    | Paralysed by a sphinx for 4 turns
 50948 | Elf:3    | Reached skill level 20 in Unarmed Combat
 51553 | Elf:3    | Cast into level 2 of the Abyss (a deep elf sorcerer)
 51572 | Abyss:2  | Found a transporter.
 51602 | Abyss:2  | Found a transporter.
 51624 | Elf:3    | Escaped the Abyss
 51630 | Elf:3    | Reached skill level 15 in Dodging
 51893 | Elf:3    | Identified the ring "Xiadoos" {rElec EV+4 Dex+2}
 52317 | Elf:3    | Reached XP level 21. HP: 147/159 MP: 47/47
 52317 | Elf:3    | Identified the +3 flail of Ityxt {drain, rN+ Str+3}
 52440 | Elf:3    | Identified the +5 quarterstaff of Death's Door {venom,
                  | Str+3}
 52815 | Elf:3    | Identified The Foundations of Witchcraft
 52816 | Elf:3    | Identified the +6 fustibalus of the Stork {freeze, *Corrode
                  | rF++ Str+6}
 52816 | Elf:3    | Identified the +6 shortbow "Zachitwe" {vorpal, rElec MP+9}
 52817 | Elf:3    | Identified the Disquisition on Scorching Cold
 52893 | Elf:3    | Identified Sif Muna's Compendium of Captivating Clay
 52908 | Elf:3    | Learned a level 5 spell: Manifold Assault
 52921 | Elf:3    | Learned a level 7 spell: Dragon Form
 53218 | Vaults:1 | Entered Level 1 of the Vaults
 53743 | Vaults:1 | Reached skill level 1 in Translocations
 55009 | Vaults:2 | Reached skill level 15 in Transmutations
 56312 | Vaults:2 | Found Buseseg's Magic Scroll Emporium.
 56690 | Vaults:2 | Found a staircase to the Crypt.
 57186 | Vaults:3 | Found a crumbling gateway.
 57188 | Vaults:3 | Found a glowing golden altar of the Shining One.
 57188 | Vaults:3 | Found a white marble altar of Elyvilon.
 57188 | Vaults:3 | Found a glowing silver altar of Zin.
 57247 | Desolati | Entered the Desolation of Salt
 57504 | Desolati | Reached XP level 22. HP: 168/168 MP: 49/49
 57530 | Desolati | Identified the Reference Book on the Volcanoes and
                  | Poisoning
 57612 | Desolati | Identified the Tome of the Dusty Escort
 57623 | Desolati | Identified the ring "Farapn" {rPois Will+ MP+9}
 57807 | Desolati | Identified the +1 ring mail "Jiuge" {MP+9}
 57810 | Desolati | Identified the Volume of Flying Clay
 57823 | Desolati | Reached skill level 21 in Unarmed Combat
 58291 | Desolati | Identified the +7 spear of the Harvest {holy, Fragile rElec
                  | Str+4}
 58293 | Desolati | Identified the +0 kite shield of the Apple {Contam rC+
                  | Regen+ Dex+2}
 58647 | Vaults:3 | Identified the +7 arbalest of Heck {freeze, Contam +Blink
                  | rPois Str+4}
 59105 | Vaults:3 | Found Doosueral's Armour Shoppe.
 59702 | Vaults:4 | Reached skill level 15 in Fighting
 60697 | Vaults:4 | Reached XP level 23. HP: 182/182 MP: 53/53
 61498 | Vaults:5 | Entered Level 5 of the Vaults
 62112 | Vaults:5 | Reached skill level 22 in Unarmed Combat
 62499 | Vaults:5 | Got a silver rune of Zot
 63225 | Vaults:5 | Found Tihyze's Book Shoppe.
 63256 | Vaults:5 | Reached XP level 24. HP: 143/192 MP: 50/54
 63608 | Vaults:5 | Found Daemegh's Magic Scroll Shop.
 63619 | Vaults:5 | Found Ciem's Distillery.
 63632 | Vaults:5 | Noticed an ancient lich
 63635 | Vaults:5 | Killed an ancient lich
 63638 | Vaults:5 | Noticed a dread lich
 63647 | Vaults:5 | Killed a dread lich
 63655 | Vaults:5 | Found Gilil's Magic Scroll Boutique.
 63885 | Vaults:5 | Found Esunirung's Distillery.
 63893 | Vaults:5 | Found Vich's Distillery.
 63896 | Vaults:5 | Found Rynenup's Distillery.
 63897 | Vaults:5 | Bought a potion of heal wounds for 85 gold pieces
 63897 | Vaults:5 | Bought a potion of curing for 51 gold pieces
 63897 | Vaults:5 | Bought a potion of haste for 170 gold pieces
 63897 | Vaults:5 | Bought a potion of curing for 51 gold pieces
 63897 | Vaults:5 | Bought a potion of might for 68 gold pieces
 63904 | Vaults:5 | Bought a potion of mutation for 112 gold pieces
 63904 | Vaults:5 | Bought a potion of mutation for 112 gold pieces
 63904 | Vaults:5 | Bought a potion of heal wounds for 70 gold pieces
 63904 | Vaults:5 | Bought a potion of haste for 140 gold pieces
 63904 | Vaults:5 | Bought a potion of might for 56 gold pieces
 63904 | Vaults:5 | Bought a potion of brilliance for 56 gold pieces
 63904 | Vaults:5 | Bought a potion of might for 56 gold pieces
 63915 | Vaults:5 | Bought a potion of lignification for 72 gold pieces
 63915 | Vaults:5 | Bought 3 potions of berserk rage for 360 gold pieces
 63915 | Vaults:5 | Bought a potion of curing for 72 gold pieces
 63915 | Vaults:5 | Bought a potion of curing for 72 gold pieces
 63915 | Vaults:5 | Bought a potion of curing for 72 gold pieces
 63915 | Vaults:5 | Bought a potion of mutation for 192 gold pieces
 63915 | Vaults:5 | Bought a potion of berserk rage for 120 gold pieces
 63915 | Vaults:5 | Bought a potion of might for 96 gold pieces
 63991 | Vaults:5 | Found Xeocuhun's Distillery.
 63995 | Vaults:5 | Bought a potion of heal wounds for 75 gold pieces
 63995 | Vaults:5 | Bought 2 potions of resistance for 300 gold pieces
 63995 | Vaults:5 | Bought a potion of haste for 150 gold pieces
 63995 | Vaults:5 | Bought 2 potions of heal wounds for 150 gold pieces
 63995 | Vaults:5 | Bought a potion of heal wounds for 75 gold pieces
 63995 | Vaults:5 | Bought a potion of haste for 150 gold pieces
 64044 | Vaults:5 | Found Biluonn's Antique Weapon Shoppe.
 64072 | Vaults:5 | Found Ityurot's Book Shop.
 64074 | Vaults:5 | Found Saeb's Jewellery Shoppe.
 64078 | Vaults:5 | Bought a book of the Sky for 792 gold pieces
 64082 | Vaults:5 | Bought the ring "Buerch" {Contam rPois rN+ Will+} for 626
                  | gold pieces
 64083 | Vaults:5 | Found Ozin's Antique Armour Shoppe.
 64128 | Vaults:5 | Learned a level 7 spell: Storm Form
 64483 | Slime:1  | Entered Level 1 of the Pits of Slime
 64503 | Slime:1  | Paralysed by a great orb of eyes for 5 turns
 65424 | Slime:3  | Gained mutation: You are dopey. (Int -2) [a shining eye]
 65431 | Slime:3  | Gained mutation: You are clumsy. (Dex -2) [a shining eye]
 65683 | Slime:4  | Reached skill level 23 in Unarmed Combat
 66172 | Slime:5  | Entered Level 5 of the Pits of Slime
 66189 | Slime:5  | Gained mutation: You are very clumsy. (Dex -4) [a shining
                  | eye]
 66362 | Slime:5  | Noticed the Royal Jelly
 66368 | Slime:4  | Gained mutation: You are occasionally teleported next to
                  | monsters. [mutagenic glow]
 66405 | Slime:5  | Paralysed by a great orb of eyes for 6 turns
 66413 | Slime:5  | Gained mutation: Your natural rate of healing is unusually
                  | fast. [a shining eye]
 66417 | Slime:5  | Found a viscous altar of Jiyva.
 66419 | Slime:5  | Identified the +5 quarterstaff of Tipumedgh {venom, Will+
                  | Str+7 Dex-4}
 66419 | Slime:5  | Identified the +10 hunting sling "Hoeloure" {freeze,
                  | Fragile rN+ Dex+6}
 66419 | Slime:5  | Identified the amulet of Heorefinn {Faith rCorr}
 66425 | Slime:5  | Identified the +2 pair of boots "Ogoetulara" {Fly Int+2}
 66425 | Slime:5  | Identified the Volume of the Earthen Snowflakes
 66425 | Slime:5  | Identified the ring "Xeschogo" {MP+9 Str+4}
 66553 | Slime:5  | Killed the Royal Jelly
 66553 | Slime:5  | Gained mutation: Your spells are a little easier to cast,
                  | but a little less powerful. [a shining eye]
 66714 | Slime:5  | Lost mutation: You are dopey. (Int -2) [potion of mutation]
 66714 | Slime:5  | Lost mutation: Your natural rate of healing is unusually
                  | fast. [potion of mutation]
 66714 | Slime:5  | Lost mutation: Your spells are a little easier to cast, but
                  | a little less powerful. [potion of mutation]
 66714 | Slime:5  | Gained mutation: One of your tentacles bears a spike.
                  | [potion of mutation]
 66714 | Slime:5  | Gained mutation: Your magical capacity is low. (-10% MP)
                  | [potion of mutation]
 67077 | Slime:5  | Got a slimy rune of Zot
 67892 | D:1      | Bought a Necronomicon for 728 gold pieces
 67903 | D:1      | Learned a level 8 spell: Necromutation
 68105 | D:1      | Lost mutation: You are very clumsy. (Dex -4) [potion of
                  | mutation]
 68105 | D:1      | Lost mutation: You are clumsy. (Dex -2) [potion of
                  | mutation]
 68105 | D:1      | Gained mutation: You sometimes lose the ability to read
                  | scrolls when taking damage. [potion of mutation]
 68105 | D:1      | Gained mutation: Your spells are a little harder to cast,
                  | but a little more powerful. [potion of mutation]
 68105 | D:1      | Gained mutation: Your body sometimes deteriorates upon
                  | taking damage. [potion of mutation]
 68105 | D:1      | Lost mutation: Your magical capacity is low. (-10% MP)
                  | [potion of mutation]
 68106 | D:1      | Lost mutation: Your body sometimes deteriorates upon taking
                  | damage. [potion of mutation]
 68106 | D:1      | Lost mutation: Your spells are a little harder to cast, but
                  | a little more powerful. [potion of mutation]
 68106 | D:1      | Gained mutation: You expend magic power (3 MP) to
                  | strengthen your wands. [potion of mutation]
 68106 | D:1      | Gained mutation: You are strong-willed. (Will+) [potion of
                  | mutation]
 68107 | D:1      | Lost mutation: You sometimes lose the ability to read
                  | scrolls when taking damage. [potion of mutation]
 68107 | D:1      | Lost mutation: You are strong-willed. (Will+) [potion of
                  | mutation]
 68107 | D:1      | Gained mutation: You are dopey. (Int -2) [potion of
                  | mutation]
 68108 | D:1      | Lost mutation: You are occasionally teleported next to
                  | monsters. [potion of mutation]
 68108 | D:1      | Lost mutation: One of your tentacles bears a spike. [potion
                  | of mutation]
 68108 | D:1      | Gained mutation: You are partially covered in iridescent
                  | scales. (AC +2) [potion of mutation]
 68108 | D:1      | Gained mutation: You do not regenerate when monsters are
                  | visible. [potion of mutation]
 68109 | D:1      | Lost mutation: You expend magic power (3 MP) to strengthen
                  | your wands. [potion of mutation]
 68109 | D:1      | Lost mutation: You are dopey. (Int -2) [potion of mutation]
 68109 | D:1      | Gained mutation: Your spells are a little easier to cast,
                  | but a little less powerful. [potion of mutation]
 68109 | D:1      | Gained mutation: You have hidden genetic defects. [potion
                  | of mutation]
 68110 | D:1      | Lost mutation: You do not regenerate when monsters are
                  | visible. [potion of mutation]
 68110 | D:1      | Lost mutation: Your spells are a little easier to cast, but
                  | a little less powerful. [potion of mutation]
 68110 | D:1      | Lost mutation: You are partially covered in iridescent
                  | scales. (AC +2) [potion of mutation]
 68110 | D:1      | Gained mutation: You are partially covered in iridescent
                  | scales. (AC +2) [potion of mutation]
 68110 | D:1      | Gained mutation: Your natural rate of healing is unusually
                  | fast. [potion of mutation]
 68111 | D:1      | Lost mutation: You have hidden genetic defects. [potion of
                  | mutation]
 68111 | D:1      | Lost mutation: You are partially covered in iridescent
                  | scales. (AC +2) [potion of mutation]
 68111 | D:1      | Gained mutation: You have a pair of small antennae on your
                  | head. [potion of mutation]
 68758 | Depths:1 | Entered Level 1 of the Depths
 68935 | Depths:1 | Found a gateway to Hell.
 69096 | Depths:1 | Reached XP level 25. HP: 200/200 MP: 44/54
 69101 | Depths:1 | Reached skill level 1 in Necromancy
 69125 | Depths:1 | Found a one-way gate to the infinite horrors of the Abyss.
 69140 | Depths:1 | Noticed Aizul
 69151 | Depths:1 | Killed Aizul
 69474 | Depths:1 | Voluntarily entered the Abyss.
 69695 | Abyss:1  | Gained mutation: You occasionally shout uncontrollably at
                  | your foes. [a cacodemon]
 70502 | Abyss:1  | Identified the +1 scale mail of Darunet {rCorr}
 70565 | Depths:1 | Escaped the Abyss
 70579 | Depths:1 | Acquired the ring "Jagach" {Will+ rCorr Str-5 Dex+6 Slay+3}
 70767 | Vaults:3 | Acquired the +3 warlock's mirror {reflect}
 70767 | Vaults:3 | Found the +3 warlock's mirror {reflect}
 70774 | Vaults:3 | Lost mutation: Your natural rate of healing is unusually
                  | fast. [potion of mutation]
 70774 | Vaults:3 | Gained mutation: You are weak. (Str -2) [potion of
                  | mutation]
 70774 | Vaults:3 | Gained mutation: You expend magic power (3 MP) to
                  | strengthen your wands. [potion of mutation]
 70774 | Vaults:3 | Gained mutation: You have an increased reservoir of magic.
                  | (+10% MP) [potion of mutation]
 70775 | Vaults:3 | Lost mutation: You are weak. (Str -2) [potion of mutation]
 70775 | Vaults:3 | Lost mutation: You expend magic power (3 MP) to strengthen
                  | your wands. [potion of mutation]
 70775 | Vaults:3 | Lost mutation: You occasionally shout uncontrollably at
                  | your foes. [potion of mutation]
 70775 | Vaults:3 | Gained mutation: Your muscles are strong. (Str +2) [potion
                  | of mutation]
 70775 | Vaults:3 | Gained mutation: Your mind is acute. (Int +2) [potion of
                  | mutation]
 70775 | Vaults:3 | Lost mutation: You have a pair of small antennae on your
                  | head. [potion of mutation]
 71083 | Depths:2 | Found a one-way gateway to a ziggurat.
 71090 | Depths:2 | Noticed Sojobo
 71098 | Depths:2 | Paralysed by an air elemental for 1 turns
 71106 | Depths:2 | Killed Sojobo
 71304 | Depths:2 | Reached skill level 24 in Unarmed Combat
 71478 | Depths:2 | Identified the Collected Works on the Unholy Entourage
 71646 | Depths:2 | Noticed Mara
 71663 | Depths:2 | Noticed ytrimaz's illusion
 71666 | Depths:2 | Killed Mara
 72275 | Depths:2 | Found a one-way gate leading to the halls of Pandemonium.
 72549 | Depths:3 | Found a broken altar of Ashenzari.
 72549 | Depths:3 | Found a burning altar of Makhleb.
 72550 | Depths:3 | Found a broken altar of Ashenzari.
 72599 | Depths:3 | Reached XP level 26. HP: 210/210 MP: 35/59
 72853 | Depths:3 | Noticed Mennas
 72856 | Depths:3 | Killed Mennas
 72896 | Depths:3 | Noticed a juggernaut
 72902 | Depths:3 | Killed a juggernaut
 73151 | Depths:3 | Reached skill level 25 in Unarmed Combat
 73164 | Depths:3 | Reached skill level 5 in Necromancy
 73215 | Depths:3 | Identified Xukk's Incunabulum of Ashen Air
 73892 | Depths:4 | Entered Level 4 of the Depths
 73928 | Depths:4 | Found Heikek's Assorted Antiques.
 73947 | Depths:4 | Found a magical portal.
 73961 | WizLab   | Entered Doroklohe's Tomb
 74184 | WizLab   | Noticed a royal mummy
 74195 | WizLab   | Killed a royal mummy
 74214 | WizLab   | HP: 6/211 [frost giant zombie (19)]
 74947 | Depths:4 | Found a runed translucent door.
 74947 | Depths:4 | Noticed blank1's ghost (veteran MiFi)
 74997 | Depths:4 | Killed blank1's ghost
 75070 | Depths:4 | Found an ornate altar of the Wu Jian Council.
 75166 | Depths:4 | Found a broken altar of Ashenzari.
 75478 | Depths:4 | Noticed Xtahua
 75486 | Depths:4 | Killed Xtahua
 75591 | Depths:4 | Found a gate to the Realm of Zot.
 75653 | Depths:4 | Reached XP level 27. HP: 217/217 MP: 59/59
 75804 | Depths:4 | Voluntarily entered the Abyss.
 76134 | Depths:4 | Escaped the Abyss
 76322 | Zig:1    | Entered Level 1 of a ziggurat
 76339 | Zig:2    | Entered Level 2 of a ziggurat
 76364 | Zig:3    | Entered Level 3 of a ziggurat
 76400 | Zig:4    | Entered Level 4 of a ziggurat
 76414 | Zig:4    | Identified the +0 ring mail "Onnal" {+Blink rF- Str-3
                  | Int+9}
 76442 | Zig:5    | Entered Level 5 of a ziggurat
 76445 | Zig:5    | Noticed a royal mummy
 76445 | Zig:5    | Identified the +2 plate armour of Impatience {Regen+ Dex+3}
 76454 | Zig:5    | Killed a royal mummy
 76620 | Zig:6    | Entered Level 6 of a ziggurat
 76625 | Zig:6    | Noticed a dread lich
 76627 | Zig:6    | Killed a dread lich
 76653 | Zig:7    | Entered Level 7 of a ziggurat
 76670 | Zig:7    | Identified the +2 troll leather armour of the Gate {rPois
                  | rC- rN+++ Will+ Regen+}
 76725 | Zig:8    | Entered Level 8 of a ziggurat
 76900 | Zig:8    | Identified the ring "Utaebecw" {Fire Slay+3 Stlth+}
 76932 | Zig:9    | Entered Level 9 of a ziggurat
 76943 | Zig:9    | Identified the Papyrus of the Mountains and Feathers
 76973 | Zig:10   | Entered Level 10 of a ziggurat
 76994 | Zig:10   | Found the ring of the Octopus King {rN+ AC+1 EV+1 Str+1
                  | Int+1 Dex+1}
 76994 | Zig:10   | Found the ring of the Octopus King {rN+ AC+1 EV+1 Str+1
                  | Int+1 Dex+1}
 76994 | Zig:10   | Identified the +2 great sword "Taxufuot" {protect, Fly
                  | rPois rF- rC+++}
 76997 | Zig:10   | Identified the +9 longbow of Disarray {vorpal, *Corrode
                  | Int+6}
 77027 | Zig:11   | Entered Level 11 of a ziggurat
 77037 | Zig:11   | Identified the +3 rapier "Zixooq" {freeze, Fly rElec rC-
                  | Str+6}
 77037 | Zig:11   | Noticed Papr's ghost (legendary DgCj)
 77041 | Zig:11   | Identified the +6 short sword of Destruction {freeze, SInv}
 77042 | Zig:11   | Identified the +3 buckler "Edofoegroe" {Harm Rampage rPois
                  | rC+}
 77042 | Zig:11   | Identified the +4 ring mail of Pan-Flutes {Int+3}
 77050 | Zig:11   | Killed Papr's ghost
 77373 | Zig:12   | Entered Level 12 of a ziggurat
 77387 | Zig:12   | Paralysed by a fenstrider witch for 4 turns
 77522 | Zig:13   | Entered Level 13 of a ziggurat
 77540 | Zig:13   | Noticed Luofik Pela the pandemonium lord
 77540 | Zig:13   | Found the macabre finger necklace {rN+}
 77545 | Zig:13   | Killed Luofik Pela the pandemonium lord
 77549 | Zig:13   | Identified the +9 shortbow of Ointment {freeze, rN+ Int+5
                  | Stlth-}
 77550 | Zig:13   | Identified Sif Muna's Grimoire of Doomed Transmigration
 77552 | Zig:13   | Identified the +5 flail of Wyis {vorpal, Drain rElec rN++
                  | Str+2}
 77616 | Zig:13   | Acquired 952 gold pieces
 77842 | Zig:14   | Entered Level 14 of a ziggurat
 77889 | Zig:14   | Identified the ring "Waluu" {Wiz Dex+2}
 77890 | Zig:14   | Identified Fiudd's Grimoire of Translocation
 77890 | Zig:14   | Identified the +8 war axe of Thoughtfulness {protect, rC+}
 77891 | Zig:14   | Identified the +8 long sword of the Several Yaks {chaos,
                  | rElec Int+4}
 77928 | Zig:15   | Entered Level 15 of a ziggurat
 77963 | Zig:15   | Noticed an ancient lich
 77964 | Zig:15   | Noticed an ancient lich
 77966 | Zig:15   | Killed an ancient lich
 77972 | Zig:15   | Killed an ancient lich
 77996 | Zig:15   | Identified the +4 leather armour of the Boiling Point
                  | {Rampage Str+2 Dex+6}
 77996 | Zig:15   | Identified the ring "Gut Jiav" {Fire Str+4}
 78000 | Zig:15   | Identified the +1 ring mail of Subinaf {rCorr}
 78163 | Zig:16   | Entered Level 16 of a ziggurat
 78549 | Zig:16   | Identified Nasoywinol's Reference Book on Beguiling
 78551 | Zig:16   | Identified the +9 spear of the Scorpion {vorpal, rElec
                  | Int+2 Stlth-}
 78579 | Zig:17   | Entered Level 17 of a ziggurat
 78861 | Zig:17   | Identified the +4 falchion "Bur Suin" {speed, *Slow rC+
                  | Str+4 Dex+2}
 78885 | Zig:17   | Reached skill level 1 in Slings
 78885 | Zig:17   | Reached skill level 1 in Bows
 78885 | Zig:17   | Reached skill level 1 in Crossbows
 78885 | Zig:17   | Reached skill level 1 in Invocations
 78916 | Zig:18   | Entered Level 18 of a ziggurat
 78963 | Zig:18   | Reached skill level 10 in Necromancy
 78979 | Zig:18   | Identified the ring "Geot" {Fly rElec rC+ MP+9 Str-2 Dex+3}
 79043 | Zig:18   | Blown up by an orb spider

Illustrated notes

Levels and vault maps discovered:
D:1:      dpeg_arrival_shelter, layout_loops_ring, serial_rivers,
          chequers_serial_rivers_marsh, chequers_serial_rivers_marsh,
          chequers_serial_rivers_room_b, chequers_serial_rivers_marsh,
          chequers_serial_rivers_marsh, chequers_serial_rivers_small_a,
          serial_shops, nicolae_shop_statue_plus, shop,
          nicolae_shop_advertising_works [nicolae_subvault_shop_adworks],
          nicolae_shop_crystal, shop, nicolae_ecumenical_lake_church,
          nrook_mini_backslash
D:2:      layout_loops_corners, serial_shops, shop, shop_fountains, shop,
          nicolae_shop_hallway_stairs, uniq_sigmund, uniq_terence
D:3:      minmay_chambers_of_twos, layout_basic, serial_park_tiny_pond,
          nicolae_elevator_lobby_plus
D:4:      layout_basic, grunt_ministairs_10, nicolae_figureground_pulse,
          uniq_natasha, uniq_ijyb
D:5:      layout_gridville, minmay_temple_entry_glassed_door, serial_shops,
          nicolae_take_the_stairs, minivault_5, chequers_jeans
D:6:      layout_cave_pods, mainiacjoe_overflow_big_doors
D:7:      layout_basic, kennysheep_mini_moat, gammafunk_ghost_hive
D:8:      layout_loops_ring
D:9:      kennysheep_big_flooded_room, layout_cave_pods,
          minmay_fractal_squares_gapless_7
D:10:     layout_stronghold, dpeg_oklobed_lair, orc_0_dummy, chequers_big_river
D:11:     layout_basic, enter_bailey_3, serial_shops, shop, nicolae_wwwww,
          uniq_grum, uniq_urug, uniq_erolcha
D:12:     hangedman_cross_veins, layout_loops_ring, uniq_azrael
D:13:     layout_rooms, david_vaults_1, serial_shops, shop, minmay_checkerbox
D:14:     kennysheep_room_grid, layout_loops_ring, fedhas_altar_1
D:15:     gammafunk_depths_entry_grave, layout_cave_pools,
          ebering_ghost_rock_garden, serial_shops, nicolae_shop_behind_doors
Temple:   mainiacjoe_temple_bowtie_tessellation
Lair:1:   layout_chaotic_city, grunt_megastairs_2, uniq_sonja
Lair:2:   layout_misc_corridors, grunt_megastairs_4, lemuel_fruit_tree
Lair:3:   layout_cave_pods, minmay_shoals_entry_hut, pond, grunt_megastairs_1
Lair:4:   layout_layer_cave, nicolae_spider_entry_orb_guardian,
          eino_house_with_fridge, serial_bayou_shore_b,
          infiniplex_staircase_pool
Lair:5:   layout_regular_city, minmay_slime_entry_pillars, nzn_ghost_randoct,
          amcnicky_mini_pool_medium, uniq_rupert, uniq_snorg
Lair:6:   evilmike_catoblepas_cave, layout_layer_cave, st_stairs_5,
          mumra_transporter_accident, nicolae_quartered_pool_super,
          nicolae_lair_run_with_the_wolves
Shoals:1: argonaut_golden_fleece, layout_shoals,
          nicolae_shoals_nautilus_by_nature, overgrown_hall
Shoals:2: layout_shoals, serial_shops, nicolae_shop_hallway_plus, uniq_louise
Shoals:3: layout_shoals, lemuel_altar_in_water, uniq_ilsuiw, uniq_bai_suzhen,
          uniq_polyphemus, uniq_nikola
Shoals:4: shoals_end_hangedman, layout_shoals, nicolae_shoals_cliffside_cave,
          uniq_mlioglotl
Spider:1: nicolae_spider_hilbert_zone_3 [nicolae_spider_hilbert_4_sides_2_open,
          nicolae_spider_hilbert_3_sides_1_open,
          nicolae_spider_hilbert_3_sides_1_open,
          nicolae_spider_hilbert_3_sides_1_open,
          nicolae_spider_hilbert_3_sides_1_open,
          nicolae_spider_hilbert_4_sides_1_open,
          nicolae_spider_hilbert_4_sides_1_open,
          nicolae_spider_hilbert_4_sides_1_open,
          nicolae_spider_hilbert_4_sides_1_open,
          nicolae_spider_hilbert_4_sides_1_open,
          nicolae_spider_hilbert_4_sides_1_open,
          nicolae_spider_hilbert_4_sides_1_open,
          nicolae_spider_hilbert_4_sides_1_open,
          nicolae_spider_hilbert_3_sides_1_open,
          nicolae_spider_hilbert_3_sides_1_open,
          nicolae_spider_hilbert_3_sides_1_open,
          nicolae_spider_hilbert_3_sides_1_open], uniq_roxanne, uniq_frances
Spider:2: layout_spider_delve
Spider:3: layout_spider_delve
Spider:4: floodkiller_spider_rune_tomb
Slime:1:  layout_caves
Slime:2:  layout_caves
Slime:3:  layout_caves, cheibrodos_slime_lost_civilization_5
Slime:4:  layout_caves
Slime:5
Orc:1:    layout_caves
Orc:2:    grunt_orc_tribal_feast, layout_caves
Elf:1:    nicolae_elf_arrival_no_cutting_in_line, layout_loops_cross,
          serial_shops, nicolae_shop_temple_entry_statues_fountains,
          hangedman_elf_disciples, lemuel_flamethrower_3
Elf:2:    elven_hall_of_blades_hangedman_alternative
          [nicolae_blade_little_rooms], layout_loops_corners,
          gammafunk_ghost_fury_of_okawaru, serial_shops, nicolae_shop_trees,
          grunt_ministairs_6
Elf:3:    minmay_elf_hall_furrowed, layout_gridlike, basic_altar, special_room
          [special_room_mythical_zoo]
Vaults:1: vaults_dpeg_ring, ontoclasm_vaults_hangar, nicolae_vaults_big_ls,
          nicolae_vaults_network_s, grunt_vaults_focal, v_pattern_2, v_misc_24,
          nicolae_vaults_shelves_hall, layout_vaults_omnigrid
Vaults:2: vaults_standard_mumra_x, nicolae_vaults_windows_and_doors_thing,
          ontoclasm_vaults_tryst, grunt_vaults_swirl, v_rooms_2,
          vaults_mumra_chevron_long, nicolae_vaults_twisting_passages,
          v_rooms_1, hangedman_vaults_corner_blocks,
          nicolae_vaults_shelves_hall, ontoclasm_vaults_ligature,
          layout_vaults_ring, blue_anna_dwarven_crypt, serial_shops, shop
Vaults:3: portal_desolation_entry_holy_temple, hangedman_vaults_maws,
          hangedman_vaults_capsules, v_pattern_4, nicolae_vaults_rhombus_5,
          vaults_room_door_ring, nicolae_vaults_yaktaur_gun_rack,
          layout_vaults_big_room, serial_shops, nicolae_shop_behind_doors
Vaults:4: st_quartered_hall, vaults_mumra_hexcomb, vaults_room_pools,
          nicolae_vaults_network_quincunx
          [nicolae_vaults_network_quincunx_subvault,
          nicolae_vaults_network_quincunx_subvault,
          nicolae_vaults_network_quincunx_subvault,
          nicolae_vaults_network_quincunx_subvault,
          nicolae_vaults_network_quincunx_subvault], v_misc_9,
          hangedman_vaults_nodes, hangedman_vaults_unwind,
          ontoclasm_vaults_chip, ontoclasm_vaults_decontamination,
          vaults_room_grid, hangedman_vaults_corner_blocks,
          layout_vaults_omnicross
Vaults:5
Depths:1: layout_cave_pools, pf_vacation_house_of_asmodeus, abyss_entry,
          kennysheep_path_1, minmay_misc_feat_rows,
          nicolae_figureground_sparkle, uniq_aizul
Depths:2: grunt_arcs, layout_small_grid, enter_ziggurat_c,
          minmay_misc_feat_encased, grunt_hell_entry_dis_mu, abyss_entry,
          rand_demon_pan_entry_9, uniq_mara, uniq_sojobo
Depths:3: hangedman_slaughterboxes, abyss_entry, hell_entry, pan_entry,
          uniq_mennas
Depths:4: grunt_zot_entry_pinwheel, layout_basic, infiniplex_enter_wizlab_water,
          hellmonk_ghost_happy_afterlife, serial_shops, nicolae_square_shop,
          hell_entry, nicolae_wu_jian_wuxing_cycle, abyss_entry_crystal,
          cheibrodos_ashenzari_chains, uniq_xtahua
Zig:18

Skill      XL: |  1  2  3  4  5  6  7  8  9 10 11 12 13 14 15 16 17 18 19 20 21 22 23 24 25 26 27 |
---------------+----------------------------------------------------------------------------------+-----
Fighting       | 2 3 4 5 6 7 8 9 10 11 12 13 14 15 16 17 18 19 20 | 20.2
Dodging        | 3 4 5 6 7 9 10 11 12 13 14 15 16 17 18 22 | 22.4
Spellcasting   | 3 4 5 6 7 8 9 10 11 12 14 15 16 17 18 19 20 21 22 | 22.5
Transmutations | 3 4 5 6 8 9 10 11 12 13 14 15 16 17 18 21 | 21.1
Unarmed Combat | 4 5 6 7 9 10 11 13 15 16 17 18 19 20 21 22 23 24 25 | 25.7
Poison Magic   | 1 2 3 |  3.0
Earth Magic    | 2 5 6 7 8 9 |  9.8
Translocations | 3 |  3.1
Necromancy     | 4 6 10 | 10.1
Slings         | 1 |  1.2
Bows           | 1 |  1.2
Crossbows      | 1 |  1.1
Invocations    | 1 |  1.2

Action                   |  1- 3 |  4- 6 |  7- 9 | 10-12 | 13-15 | 16-18 | 19-21 | 22-24 | 25-27 || total
-------------------------+-------+-------+-------+-------+-------+-------+-------+-------+-------++-------
Melee: Unarmed           |    63 |   125 |   269 |   490 |   780 |   749 |   797 |  1114 |  1511 ||  5898
       Tentacles         |    10 |    11 |     9 |     6 |     3 |    59 |    94 |   115 |    98 ||   405
       Constrict         |    17 |    25 |     7 |     3 |     1 |    79 |   110 |    59 |    44 ||   345
       Kick              |    15 |    11 |     1 |       |       |       |       |     3 |       ||    30
       Punch             |     1 |     1 |     1 |     1 |     1 |    55 |    97 |    97 |    98 ||   352
       Bite              |       |       |       |       |       |       |    32 |       |       ||    32
       Tailslap          |       |       |       |       |       |       |    23 |       |       ||    23
Throw: Throwing net      |       |       |       |       |       |       |     1 |       |       ||     1
 Cast: Beastly Appendage |    17 |    11 |     1 |       |       |       |       |       |       ||    29
       Wereblood         |     1 |     3 |     4 |    12 |    19 |     8 |     5 |       |       ||    52
       Spider Form       |       |     5 |    22 |     3 |       |       |       |       |       ||    30
       Ice Form          |       |       |    12 |    55 |    91 |    49 |       |       |       ||   207
       Olgreb's Toxic Ra |       |       |       |       |    70 |   127 |   105 |    46 |    11 ||   359
       Irradiate         |       |       |       |       |       |    49 |    33 |    41 |    13 ||   136
       Yara's Violent Un |       |       |       |       |       |    11 |    14 |    13 |    15 ||    53
       Statue Form       |       |       |       |       |       |    76 |    92 |    99 |   106 ||   373
       Leda's Liquefacti |       |       |       |       |       |     9 |    24 |    29 |    15 ||    77
       Dragon Form       |       |       |       |       |       |       |    28 |     1 |       ||    29
       Manifold Assault  |       |       |       |       |       |       |    17 |   232 |   369 ||   618
       Storm Form        |       |       |       |       |       |       |       |     6 |    17 ||    23
       Necromutation     |       |       |       |       |       |       |       |     3 |     4 ||     7
Invok: Curse Item        |       |       |     1 |     4 |     3 |     3 |       |     2 |       ||    13
       Shatter the Chain |       |       |       |       |     1 |     1 |     2 |       |       ||     4
 Abil: Blinkbolt         |       |       |       |       |       |       |       |       |     6 ||     6
       End Transformatio |       |       |       |       |       |       |       |       |     1 ||     1
Evoke: Wand              |       |       |       |     1 |     1 |       |     1 |       |     1 ||     4
  Use: Scroll            |     2 |     5 |     9 |     1 |     2 |     3 |     3 |     6 |    16 ||    47
       Potion            |     1 |       |       |     5 |     3 |     2 |     5 |     8 |    13 ||    37
 Stab: Sleeping          |     3 |     7 |       |     1 |     2 |       |     2 |     2 |     1 ||    18
       Invisible         |     1 |       |       |       |       |       |       |       |       ||     1
       Distracted        |       |       |       |       |       |     1 |       |       |     3 ||     4
       Paralysed         |       |       |       |       |       |       |       |       |     1 ||     1
Armor: Skin              |     8 |    11 |    20 |   167 |   262 |   539 |   535 |   380 |   525 ||  2447
Dodge: Dodged            |    61 |   105 |   261 |   521 |   751 |  1293 |  1245 |  1148 |  1849 ||  7234

Table legend: (Time is in decaauts)
 A = Elapsed time spent in this place.
 B = Non-inter-level travel time spent in this place.
 C = Inter-level travel time spent in this place.
 D = Time resting spent in this place.
 E = Time spent auto-exploring this place.
 F = Levels seen in this place.
 G = Mean time per level.
                   A        B        C        D        E       F      G
               +--------+--------+--------+--------+--------+-----+--------+
         Total |  85332 |  79668 |   5664 |   7543 |  56222 |  73 | 1168.9 |
       Dungeon |  23866 |  21320 |   2546 |   2289 |  16057 |  15 | 1591.1 |
        Temple |    246 |    216 |     30 |      0 |    205 |   1 |  246.0 |
          Lair |  10367 |   9617 |    750 |    508 |   7622 |   6 | 1727.8 |
        Shoals |   6760 |   6598 |    162 |    224 |   4838 |   4 | 1690.0 |
   Spider Nest |   6118 |   5923 |    195 |    196 |   4448 |   4 | 1529.5 |
    Slime Pits |   3434 |   3282 |    152 |    518 |   2142 |   5 |  686.8 |
  Orcish Mines |   2629 |   2180 |    449 |    262 |   1536 |   2 | 1314.5 |
   Elven Halls |   7533 |   7103 |    430 |    727 |   4940 |   3 | 2511.0 |
        Vaults |  10879 |  10409 |    470 |   1029 |   7361 |   5 | 2175.8 |
        Depths |   5769 |   5292 |    477 |     52 |   3970 |   4 | 1442.2 |
         Abyss |   1910 |   1910 |      0 |      0 |   1034 |   3 |  636.7 |
      Ziggurat |   3055 |   3055 |      0 |    995 |    668 |  18 |  169.7 |
        Bailey |    211 |    211 |      0 |      0 |     68 |   1 |  211.0 |
        Wizlab |    918 |    918 |      0 |    422 |    373 |   1 |  918.0 |
    Desolation |   1631 |   1631 |      0 |    319 |    957 |   1 | 1631.0 |
               +--------+--------+--------+--------+--------+-----+--------+

Top non-repeatable levels by time:
   Elf:3: 3124 daAuts
Vaults:4: 2724 daAuts
Vaults:5: 2519 daAuts
Vaults:2: 2486 daAuts
Shoals:4: 2348 daAuts
     D:9: 2302 daAuts
  Lair:4: 2277 daAuts
   Elf:1: 2239 daAuts
  Lair:6: 2177 daAuts
   Elf:2: 2170 daAuts
     D:2: 2036 daAuts
Spider:1: 1963 daAuts
    D:10: 1962 daAuts
   Orc:2: 1925 daAuts
Depths:3: 1886 daAuts
